 Dungeon Crawl Stone Soup version 0.27.0-1-g7a089689b8 (webtiles) character file.

Game seed: 13550427498621260029

2175 ZombieSheep the Shield-Bearer (level 9, -2/71 (74) HPs)
             Began as a Gnoll Fighter on Aug 7, 2021.
             Was a Follower of Cheibriados.
             Slain by a yak (3 damage)
             ... on level 7 of the Dungeon.
             The game lasted 00:14:20 (8374 turns).

ZombieSheep the Shield-Bearer (Gnoll Fighter)       Turns: 8374, Time: 00:14:21

HP:   -2/71 (74)    AC: 15    Str: 18    XL:     9   Next: 32%
MP:   15/15         EV: 12    Int: 12    God:    Cheibriados [*.....]
Gold: 498           SH:  0    Dex: 14    Spells: 16/16 levels left

rFire    . . .     SeeInvis .   a - +1 trident
rCold    + . .     Faith    .   (no shield)
rNeg     . . .     Spirit   .   o - +1 ring mail {rPois}
rPois    +         Reflect  .   (no helmet)
rElec    .         Harm     .   (no cloak)
rCorr    .         Rampage  .   (no gloves)
Will     .....                  i - +2 pair of boots
Stlth    ++........             (no amulet)
HPRegen  0.21/turn              k - +4 ring of protection
MPRegen  0.14/turn              z - ring of protection from cold

@: about to teleport, lightly drained, very slow
A: fangs 1, strong nose, distributed training
a: Renounce Religion, Bend Time


You were on level 7 of the Dungeon.
You worshipped Cheibriados.
Cheibriados was aware of your devotion.
You visited 2 branches of the dungeon, and saw 9 of its levels.
You also visited: Ossuary.

You collected 498 gold pieces.

Inventory:

Hand Weapons
 a - a +1 trident (weapon)
 g - a +0 short sword of venom
 r - a +2 flail of protection
 s - a +2 hunting sling of flaming
 u - a +4 short sword
Missiles
 j - 34 bolts
 m - a throwing net (quivered)
 p - 2 javelins
Armour
 c - a +0 kite shield
 i - a +2 pair of boots (worn)
 o - a +1 ring mail of poison resistance (worn)
Jewellery
 k - a +4 ring of protection (left hand)
 z - a ring of protection from cold (right hand)
Wands
 y - a wand of charming (10)
 B - a wand of acid (10)
Scrolls
 f - 3 scrolls of teleportation
 q - 2 scrolls of magic mapping
 w - 2 scrolls of blinking
Potions
 d - 2 potions of flight
 e - a potion of invisibility
 h - 4 potions of brilliance
 l - 3 potions of attraction
 n - a potion of cancellation
 t - 3 potions of lignification
 v - a potion of curing
 x - a potion of magic
 A - a potion of might


   Skills:
 + Level 7.8 Fighting
 + Level 4.1 Short Blades
 + Level 4.1 Long Blades
 + Level 4.1 Axes
 + Level 4.1 Maces & Flails
 + Level 6.2 Polearms
 + Level 4.1 Staves
 + Level 4.1 Slings
 + Level 4.1 Bows
 + Level 4.1 Crossbows
 + Level 4.1 Throwing
 + Level 7.8 Armour
 + Level 4.1 Dodging
 + Level 4.1 Stealth
 + Level 7.8 Shields
 + Level 4.1 Unarmed Combat
 + Level 4.1 Spellcasting
 + Level 3.4 Conjurations
 + Level 3.4 Hexes
 + Level 3.4 Summonings
 + Level 3.4 Necromancy
 + Level 3.4 Translocations
 + Level 3.4 Transmutations
 + Level 3.4 Fire Magic
 + Level 3.4 Ice Magic
 + Level 3.4 Air Magic
 + Level 3.4 Earth Magic
 + Level 3.4 Poison Magic
 + Level 4.5 Invocations
 + Level 4.1 Evocations


You had 16 spell levels left.
You didn't know any spells.
Your spell library contained the following spells:

 Spells                   Type           Power      Damage    Failure   Level
 Call Canine Familiar     Summ           10%        N/A       26%         3
 Portal Projectile        Hex/Tloc       20%        N/A       26%         3
 Animate Dead             Necr           5%         N/A       65%         4
 Leda's Liquefaction      Hex/Erth       5%         N/A       65%         4
 Petrify                  Tmut/Erth      10%        N/A       65%         4
 Metabolic Englaciation   Hex/Ice        5%         N/A       94%         5
 Statue Form              Tmut/Erth      6%         N/A       100%        6
 Haunt                    Necr/Summ      5%         N/A       100%        7
 Infestation              Necr           5%         N/A       100%        8


Dungeon Overview and Level Annotations

Branches:
Dungeon (8/15)             Temple (1/1) D:6         Ossuary (visited)
   Lair: D:8-11

Altars:
Ashenzari
Cheibriados
Dithmenos
Fedhas
Gozag
Hepliaklqana
Kikubaaqudgha
Makhleb
Nemelex Xobeh
Qazlal
Ru
Sif Muna
Trog
Yredelemnul
Zin
The Shining One

Annotations:
D:4 2 transporters


Innate Abilities, Weirdness & Mutations

You have very sharp teeth.
Your uncanny sense of smell can sniff out nearby items.
Your experience applies equally to all skills.


Message History

There is an open door here.
An orc wizard comes into view. It is wielding a +0 dagger.
You hit the yak. You bite the yak, but do no damage.
The yak is lightly wounded.
The yak gores you!
You barely miss the yak. You bite the yak, but do no damage.
The yak is lightly wounded.
The orc wizard mumbles some strange words.
The orc wizard flickers and vanishes!
The yak bellows!
You puncture the yak! Your bite misses the yak.
The yak is moderately wounded.
You hear a bellow! x2
The yak gores you but does no damage. x2
There is a stone staircase leading up here.
The yak closely misses you. The yak gores you!
You climb upwards.
Reactivating autopickup.
There is a stone staircase leading down here.
You barely miss the yak.
The yak is moderately wounded.
The yak gores you. The yak barely misses you.
You hit the yak.
The yak is moderately wounded.
The yak gores you! x2
You barely miss the yak.
The yak is moderately wounded.
The yak misses you. The yak gores you.
You hit the yak but do no damage.
The yak is moderately wounded.
The yak gores you!
* * * LOW HITPOINT WARNING * * *
The yak gores you.
* * * LOW HITPOINT WARNING * * *
Unknown command.
As you read the scroll of teleportation, it crumbles to dust.
You feel strangely unstable. The yak gores you!
* * * LOW HITPOINT WARNING * * *
The yak gores you.
You die...

###.###
#.#.........# #.#
#.. #...#
#.######....# #.#
##. #.### #.# ##.#.#
#.# #. #.# #.# #.#.#
#.# #. #.# #.# #.#.#
#.##### #.#
#.#######.#.# #...#
#.# #..>.....<#.#
###.# #(#
###########.####
#.### #.#####
#@Y...<..#####.#..
#.....#
#Y###............#
#####.# #.#
#..#.#####.#..
####.# #.# #..#.#
#.### ##.##.# #.#
#..#.# #.# #.#...#
#####.###..#.# #.#
##.####
#..........#.# #.#
#.#
#.#.#.###....#####.#
#.# ##.#.#.#
#..........###


You could see 2 yaks.

Vanquished Creatures
  Grinder (D:5)
  Edmund (D:5)
  2 ice beasts
  A black bear (D:5)
  An ogre (D:5)
  A centaur (D:7)
  A phantom (D:6)
  A kobold brigand (D:5)
  2 bullfrogs (D:6)
  3 scorpions (D:6)
  A water moccasin zombie (D:5)
  A wyvern skeleton (D:7)
  A water moccasin skeleton (D:6)
  3 wights
  3 centaur zombies
  2 bullfrog zombies
  A gnoll shaman (D:5)
  A hound (D:6)
  Ijyb (D:3)
  A scorpion zombie (D:5)
  12 mummies (Ossuary)
  8 gnolls
  7 adders
  A shadow imp (D:3)
  A white imp (D:5)
  3 worms
  8 dart slugs
  3 orcs
  5 ball pythons
  8 endoplasms
  8 giant cockroaches
  3 goblins
  3 hobgoblins
  6 jackals
  6 quokkas
  9 bats
  3 frilled lizards
  3 goblin skeletons (Ossuary)
  13 kobolds
  4 kobold skeletons (Ossuary)
  An orc skeleton (Ossuary)
  4 rats
  11 rat skeletons (Ossuary)
159 creatures vanquished.

Notes
Turn   | Place    | Note
-------+----------+-------------------------------------------
     0 | D:1      | ZombieSheep the Gnoll Fighter began the quest for the Orb.
     0 | D:1      | Reached XP level 1. HP: 23/23 MP: 1/1
    50 | D:1      | Reached XP level 2. HP: 20/29 MP: 2/2
   551 | D:1      | Reached XP level 3. HP: 35/35 MP: 3/3
  1199 | D:2      | Reached skill level 1 in Invocations
  1443 | D:2      | Found a faded altar of an unknown god.
  1556 | D:2      | Reached skill level 1 in Short Blades
  1556 | D:2      | Reached skill level 1 in Long Blades
  1556 | D:2      | Reached skill level 1 in Axes
  1556 | D:2      | Reached skill level 1 in Maces & Flails
  1556 | D:2      | Reached skill level 1 in Staves
  1556 | D:2      | Reached skill level 1 in Slings
  1556 | D:2      | Reached skill level 1 in Bows
  1556 | D:2      | Reached skill level 1 in Crossbows
  1556 | D:2      | Reached skill level 1 in Throwing
  1556 | D:2      | Reached skill level 1 in Dodging
  1556 | D:2      | Reached skill level 1 in Stealth
  1556 | D:2      | Reached skill level 1 in Unarmed Combat
  1556 | D:2      | Reached skill level 1 in Spellcasting
  1556 | D:2      | Reached skill level 1 in Evocations
  1818 | D:2      | Reached XP level 4. HP: 37/41 MP: 5/5
  1921 | D:2      | Found a shimmering blue altar of Sif Muna.
  2654 | D:3      | Reached skill level 1 in Conjurations
  2654 | D:3      | Reached skill level 1 in Hexes
  2654 | D:3      | Reached skill level 1 in Summonings
  2654 | D:3      | Reached skill level 1 in Necromancy
  2654 | D:3      | Reached skill level 1 in Translocations
  2654 | D:3      | Reached skill level 1 in Transmutations
  2654 | D:3      | Reached skill level 1 in Fire Magic
  2654 | D:3      | Reached skill level 1 in Ice Magic
  2654 | D:3      | Reached skill level 1 in Air Magic
  2654 | D:3      | Reached skill level 1 in Earth Magic
  2654 | D:3      | Reached skill level 1 in Poison Magic
  2900 | D:3      | Noticed Ijyb
  2911 | D:3      | Killed Ijyb
  2912 | D:3      | Reached XP level 5. HP: 35/47 MP: 5/7
  3660 | D:4      | Found a transporter.
  3660 | D:4      | Noticed a kobold brigand
  3666 | D:4      | Found a transporter.
  3672 | D:4      | Found a shimmering blue altar of Sif Muna.
  3985 | D:5      | Entered Level 5 of the Dungeon
  4022 | D:5      | Reached XP level 6. HP: 50/53 MP: 8/8
  4077 | D:5      | Reached skill level 5 in Polearms
  4186 | D:5      | Noticed Edmund
  4202 | D:5      | Killed Edmund
  4247 | D:5      | Reached XP level 7. HP: 24/59 MP: 10/10
  5095 | D:5      | Noticed Grinder
  5116 | D:5      | Paralysed by Grinder for 3 turns
  5126 | D:5      | Killed Grinder
  5127 | D:5      | Reached XP level 8. HP: 46/67 MP: 10/12
  5684 | D:6      | Found a sand-covered staircase.
  5709 | Ossuary  | Entered an ossuary
  6535 | D:6      | Found a sacrificial altar of Ru.
  6539 | D:6      | Found a broken altar of Ashenzari.
  6544 | D:6      | Found a hazy altar of Hepliaklqana.
  6674 | D:6      | Found a staircase to the Ecumenical Temple.
  6680 | Temple   | Entered the Ecumenical Temple
  6732 | Temple   | Became a worshipper of Cheibriados the Contemplative
  6797 | D:6      | Reached XP level 9. HP: 72/72 MP: 14/14
  7665 | D:7      | Reached * piety under Cheibriados
  8131 | D:7      | Found an opulent altar of Gozag.
  8131 | D:7      | Found a blossoming altar of Fedhas.
  8374 | D:7      | HP: 1/71 [yak (11)]
  8374 | D:7      | Slain by a yak

Illustrated notes

Levels and vault maps discovered:
D:1:      mushboom_english_gardens, layout_basic
D:2:      layout_basic, ebering_ecumenical_altar_petrified, basic_altar
D:3:      layout_rooms, columned_hall_lemuel, grunt_decor_mini_mirrors,
          minmay_bisected, uniq_ijyb
D:4:      layout_loops_ring, gammafunk_temple_overflow_arena
D:5:      layout_basic, uniq_edmund, uniq_grinder
D:6:      layout_rooms, grunt_temple_overflow_diamond, minmay_temple_entry_hall,
          gup_sewer_entry_pipe, nicolae_ossuary_entry_ruins, minivault_1,
          kennysheep_minor_cross, fountainhead, kennysheep_doodads
D:7:      layout_loops_ring, gammafunk_temple_overflow_pools
D:8:      layout_basic, dpeg_oklobed_lair
Temple:   nicolae_temple_elliptical

Skill      XL: |  1  2  3  4  5  6  7  8  9 |
---------------+----------------------------+-----
Invocations    | 1 2 3 4 |  4.5
Short Blades   | 1 2 3 4 |  4.1
Long Blades    | 1 2 3 4 |  4.1
Axes           | 1 2 3 4 |  4.1
Maces & Flails | 1 2 3 4 |  4.1
Staves         | 1 2 3 4 |  4.1
Slings         | 1 2 3 4 |  4.1
Bows           | 1 2 3 4 |  4.1
Crossbows      | 1 2 3 4 |  4.1
Throwing       | 1 2 3 4 |  4.1
Dodging        | 1 2 3 4 |  4.1
Stealth        | 1 2 3 4 |  4.1
Unarmed Combat | 1 2 3 4 |  4.1
Spellcasting   | 1 2 3 4 |  4.1
Evocations     | 1 2 3 4 |  4.1
Conjurations   | 1 2 3 |  3.4
Hexes          | 1 2 3 |  3.4
Summonings     | 1 2 3 |  3.4
Necromancy     | 1 2 3 |  3.4
Translocations | 1 2 3 |  3.4
Transmutations | 1 2 3 |  3.4
Fire Magic     | 1 2 3 |  3.4
Ice Magic      | 1 2 3 |  3.4
Air Magic      | 1 2 3 |  3.4
Earth Magic    | 1 2 3 |  3.4
Poison Magic   | 1 2 3 |  3.4
Polearms       | 5 6 |  6.2
Fighting       | 7 |  7.8
Armour         | 7 |  7.8
Shields        | 7 |  7.8

Action                   |  1- 3 |  4- 6 |  7- 9 || total
-------------------------+-------+-------+-------++-------
Melee: Trident           |   128 |   183 |   437 ||   748
       Bite              |    15 |    12 |    45 ||    72
       Punch             |       |       |     2 ||     2
Throw: Javelin           |       |     8 |     9 ||    17
       Throwing net      |       |       |     2 ||     2
Evoke: Wand              |       |     3 |       ||     3
  Use: Scroll            |     1 |    10 |    11 ||    22
       Potion            |       |     1 |     3 ||     4
 Stab: Sleeping          |       |       |     6 ||     6
Armor: Scale mail        |    53 |    61 |       ||   114
       Ring mail         |       |    40 |   145 ||   185
Dodge: Dodged            |    47 |    86 |   195 ||   328
